 Dungeon Crawl Stone Soup version 0.31-a0-152-g6aa68a64a1 (webtiles) character file.

Game seed: 7966059244544595216

25699 qw the Marksminotaur (level 12, -20/110 HPs)
             Began as a Minotaur Hunter on June 9, 2023.
             Was an Elder of Okawaru.
             Demolished by a death yak (22 damage)
             ... on level 2 of the Lair of Beasts.
             The game lasted 00:04:50 (11448 turns).

qw the Marksminotaur (Minotaur Hunter)             Turns: 11448, Time: 00:04:51

Health: -20/110    AC: 10    Str: 23    XL:     12   Next: 91%
Magic:  11/16      EV: 21    Int:  6    God:    Okawaru [****..]
Gold:   859        SH:  0    Dex: 18    Spells: 11/11 levels left

rFire   + . .        k - +5 arbalest of Foolhardiness {elec, Stlth+}
rCold   + . .        (shield currently unavailable)
rNeg    . . .        A - +0 steam dragon scales
rPois   .            (helmet unavailable)
rElec   .            v - scarf {rC+ rF+}
rCorr   .            a - +0 pair of gloves
SInv    +            h - +0 pair of boots
Will    .....        x - amulet of the acrobat
Stlth   ++++         t - +6 ring of strength
HPRegen 0.38/turn    w - ring of see invisible
MPRegen 0.15/turn

%: acrobat
@: about to teleport, heroic, finesse-ful
A: horns 3, retaliatory headbutt, passive freeze
a: Renounce Religion, Heroism, Finesse


You were on level 2 of the Lair of Beasts.
You worshipped Okawaru.
Okawaru was greatly pleased with you.
You visited 3 branches of the dungeon, and saw 13 of its levels.
You also visited: Ossuary.

You collected 859 gold pieces.


Innate Abilities, Weirdness & Mutations

You have a pair of large horns on your head.
You reflexively headbutt those who attack you in melee.
A frigid envelope surrounds you and freezes all who hurt you.


   Skills:
 - Level 11.0(16.0) Fighting
 + Level 17.9(22.9) Ranged Weapons
 - Level 5.9(10.9) Armour
 - Level 9.0(14.0) Dodging
 - Level 0.7(5.7) Stealth
 + Level 7.3 Invocations


You had 11 spell levels left.
You didn't know any spells.
Your spell library was empty.

Inventory:

Hand Weapons
 k - the +5 arbalest of Foolhardiness (weapon) {elec, Stlth+}
   (You acquired it on level 3 of the Dungeon)

   Stlth:     It makes you more stealthy.
Armour
 a - a +0 pair of gloves (worn)
 e - a +0 cloak of willpower
 h - a +0 pair of boots (worn)
 o - a +1 cloak of preservation
 s - a +2 robe of fire resistance
 v - a scarf of resistance (worn)
 A - +0 steam dragon scales (worn)
Jewellery
 c - a ring of fire
 n - a ring of ice
 q - a ring of ice
 t - a +6 ring of strength (left hand)
 w - a ring of see invisible (right hand)
 x - an amulet of the acrobat (around neck)
Scrolls
 b - a scroll of identify
 p - 4 scrolls of teleportation
 y - 2 scrolls of enchant weapon
Potions
 d - a potion of haste
 f - 2 potions of might
 g - 2 potions of heal wounds
 i - a potion of magic
 j - 5 potions of mutation
 l - a potion of cancellation
 m - 4 potions of curing

Dungeon Overview and Level Annotations

Branches:
Dungeon (10/15)            Temple (1/1) D:7            Lair (2/5) D:10
 Shoals (0/4) Lair:2        Snake (0/4) Lair:2          Orc (0/2) D:10
Ossuary (visited)

Altars:
Ashenzari
Cheibriados
Dithmenos
Elyvilon
Fedhas
Gozag
Hepliaklqana
Kikubaaqudgha
Makhleb
Nemelex Xobeh
Okawaru
Qazlal
Ru
Sif Muna
Trog
Uskayaw
Vehumet
Wu Jian
Xom
Yredelemnul
Zin
The Shining One

Annotations:
D:8 3 runed translucent doors, qw's ghost, novice GrFi


Message History

The death yak gores you but does no damage.
The death yak gores you.
The death yak is very cold.
The death yak is lightly wounded.
The death yak barely misses you.
You shoot a bolt. The bolt hits the death yak!
Lightning courses through the death yak!
The death yak is almost dead.
The death yak closely misses you. x3
You shoot a bolt. The bolt hits the death yak!
You kill the death yak!
Okawaru is honoured by your kill.
You can now enter into single combat with a foe.
Okawaru will now gift you equipment as you gain piety.
The death yak barely misses you. The death yak misses you.
11444 ||| INVOKING Finesse.
You can now deal lightning-fast blows.
You can no longer enter into single combat with a foe.
Okawaru will no longer gift you equipment.
The death yak closely misses you. The death yak gores you.
The death yak is very cold.
The death yak is lightly wounded.
You shoot a bolt.
The bolt hits the death yak but does no damage.
The death yak is lightly wounded.
The death yak gores you!
The death yak is very cold.
The death yak is lightly wounded.
The death yak misses you.
You shoot a bolt. The bolt barely misses the death yak.
You shoot a bolt. The bolt hits the death yak!!
The death yak is heavily wounded.
The death yak completely misses you. The death yak gores you!!
The death yak is very cold.
The death yak is lightly wounded.
11448 ||| READING 5 scrolls of teleportation.
As you read the scroll of teleportation, it crumbles to dust.
You feel strangely unstable. The death yak gores you!
The death yak is very cold.
The death yak is heavily wounded.
The death yak gores you!!
You die...

# ...
#.... .#..
##...
##....
#.#%.
#.YY##
#.%@.#
###...##
#....##
###...##
#.)..#
...>
#...##
......
##...##
..........
#P....#
..........
##...##
#........#


You could see 2 death yaks.

Vanquished Creatures
  A hydra (Lair:2)
  A catoblepas (Lair:1)
  4 two-headed ogres
  4 death yaks (Lair:2)
  Pikel (D:6)
  A manticore (Lair:2)
  A cyclops (D:9)
  4 elephants (Lair:2)
  Maurice (D:8)
  A black mamba (Lair:1)
  2 cane toads
  Maggie (Lair:1)
  2 unseen horror zombies (D:9)
  3 komodo dragons
  2 rime drakes (Lair:1)
  A polar bear (Lair:1)
  A hornet (D:9)
  A wind drake (Lair:2)
  Prince Ribbit (D:5)
  34 yaks
  A shadow (D:10)
  2 wraiths (D:10)
  Sigmund (D:5)
  4 wyverns (D:10)
  Eustachio (D:5)
  A basilisk (Lair:1)
  A two-headed ogre zombie (D:10)
  10 water moccasins
  2 ice beasts
  2 black bears
  3 orc warriors
  An ogre (D:5)
  4 centaurs
  2 lemures (D:6)
  5 phantoms
  3 elf zombies (Ossuary)
  3 bullfrogs (Lair:1)
  A gnoll sergeant (D:5)
  A kobold brigand (D:10)
  6 scorpions
  14 wights
  2 troll zombies (D:10)
  17 killer bees
  A howler monkey (D:4)
  A bullfrog zombie (D:5)
  4 centaur zombies
  A human zombie (D:9)
  6 orc priests
  2 jellies
  2 centaur skeletons (D:5)
  4 hounds
  2 sleepcaps
  Jessica (D:2)
  A scorpion zombie (D:5)
  6 iguanas
  10 orc wizards
  Natasha (thrice) (D:2)
  A killer bee zombie (D:5)
  5 ogre zombies (D:10)
  A hound zombie (D:5)
  2 howler monkey zombies (D:9)
  4 mummies
  10 adders
  11 gnolls
  2 shadow imps
  2 white imps
  3 ufetubi
  An adder zombie (D:5)
  3 worms
  2 dart slugs
  46 orcs
  7 endoplasms
  4 giant cockroaches
  3 goblins
  7 hobgoblins
  15 jackals
  11 quokkas
  8 ball pythons
  8 bats
  4 frilled lizards
  4 goblin zombies
  11 hobgoblin zombies
  3 jackal zombies (Ossuary)
  14 kobolds
  9 kobold zombies (Ossuary)
  4 orc skeletons (D:10)
  24 orc zombies
  2 quokka zombies (D:5)
  9 rats
  3 rat zombies (Ossuary)
441 creatures vanquished.

Vanquished Creatures (others)
  A yak (Lair:1)
1 creature vanquished.

Grand Total: 442 creatures vanquished

Notes
Turn   | Place    | Note
-------+----------+-------------------------------------------
     0 | D:1      | qw the Minotaur Hunter began the quest for the Orb.
     0 | D:1      | Reached XP level 1. HP: 18/18 MP: 0/0
     0 | D:1      | 0 ||| qw: Version: 0.2-a-120-g592f744
     0 | D:1      | 0 ||| qw: Game counter: 3162
     0 | D:1      | 0 ||| qw: Always use a shield: true
     0 | D:1      | 0 ||| qw: God list: Okawaru
     0 | D:1      | 0 ||| qw: Allow faded altars: false
     0 | D:1      | 0 ||| qw: Do Orc after D:15 true
     0 | D:1      | 0 ||| qw: Do second Lair branch before Depths: true
     0 | D:1      | 0 ||| qw: Lair rune preference: random
     0 | D:1      | 0 ||| qw: Plans: Normal
     0 | D:1      | 0 ||| PLANNING D:1-11
    92 | D:1      | Reached XP level 2. HP: 21/25 MP: 1/1
   154 | D:1      | Reached skill level 5 in Ranged Weapons
   257 | D:1      | 257 ||| DROPPING +3 sling.
   347 | D:1      | Reached skill level 3 in Fighting
   455 | D:1      | Reached XP level 3. HP: 22/31 MP: 2/2
   490 | D:1      | You fall into a shaft and drop 1 floor!
   527 | D:2      | 527 ||| UPGRADING to +0 ring mail.
   537 | D:2      | 537 ||| DROPPING +0 leather armour.
   538 | D:2      | 538 ||| UPGRADING to +0 pair of boots.
   543 | D:2      | 543 ||| READING scroll labelled WIOGRYAMIL.
   544 | D:2      | 544 ||| READING scroll labelled HOSIUR XYOG.
   545 | D:2      | 545 ||| DROPPING scroll of butterflies.
   570 | D:1      | Reached skill level 1 in Armour
  1109 | D:1      | 1109 ||| READING 3 scrolls labelled JAQUYH YGRAOZ.
  1110 | D:1      | 1110 ||| READING scroll labelled XIBLIO TIUFEON.
  1113 | D:1      | 1113 ||| READING scroll labelled ACUSTE SISTRUIST.
  1114 | D:1      | 1114 ||| DROPPING 2 scrolls of amnesia.
  1207 | D:2      | Reached XP level 4. HP: 38/38 MP: 3/3
  1292 | D:2      | Noticed Natasha
  1308 | D:2      | Killed Natasha
  1309 | D:2      | Reached skill level 6 in Ranged Weapons
  1565 | D:2      | Identified the +7 chain mail of the Depths {Fly Regen+
                  | Dex-4 Stlth+}
  1588 | D:2      | Noticed Natasha
  1594 | D:2      | Killed Natasha
  1639 | D:2      | Found an ornate altar of the Wu Jian Council.
  1665 | D:2      | Reached XP level 5. HP: 46/46 MP: 4/4
  1758 | D:2      | Noticed Natasha
  1770 | D:2      | Killed Natasha
  1864 | D:2      | Noticed Jessica
  1876 | D:2      | Killed Jessica
  2154 | D:2      | 2154 ||| READING scroll labelled IZXAJI XOTIM.
  2155 | D:2      | 2155 ||| DRINKING 2 red potions.
  2156 | D:2      | 2156 ||| DRINKING 2 bubbling silvery potions.
  2157 | D:2      | 2157 ||| DROPPING potion of enlightenment.
  2285 | D:3      | Found a white marble altar of Elyvilon.
  2286 | D:3      | Found a blossoming altar of Fedhas.
  2299 | D:3      | Reached skill level 7 in Ranged Weapons
  2354 | D:3      | Reached XP level 6. HP: 48/52 MP: 5/5
  2387 | D:3      | Found a faded altar of an unknown god.
  2387 | D:3      | Found a hazy altar of Hepliaklqana.
  2387 | D:3      | Found a faded altar of an unknown god.
  2674 | D:3      | 2674 ||| READING scroll labelled FIERYL LYMUMAN.
  2674 | D:3      | Identified a scroll of acquirement
  2674 | D:3      | 2674 ||| ACQUIRING +5 arbalest of Foolhardiness {elec,
                  | Stlth+}
  2674 | D:3      | Acquired the +5 arbalest of Foolhardiness {elec, Stlth+}
  2676 | D:3      | 2676 ||| SWAPPING to +5 arbalest of Foolhardiness {elec,
                  | Stlth+}.
  2677 | D:3      | 2677 ||| DROPPING +0 shortbow of freezing.
  2732 | D:4      | Found a shimmering altar of Xom.
  2739 | D:4      | 2739 ||| Stepping ~*~*~tactically~*~*~ (outnumbered).
  2823 | D:4      | Found a burning altar of Makhleb.
  2864 | D:4      | Found a bloodstained altar of Trog.
  2880 | D:4      | Reached skill level 8 in Ranged Weapons
  2917 | D:4      | Found a sacrificial altar of Ru.
  3085 | D:4      | Reached XP level 7. HP: 57/61 MP: 6/6
  3213 | D:4      | Reached skill level 3 in Dodging
  3524 | D:4      | 3524 ||| READING scroll labelled EPAUCK QUDIDA.
  3525 | D:4      | 3525 ||| DRINKING 3 cyan potions.
  3575 | D:5      | Entered Level 5 of the Dungeon
  3576 | D:5      | 3576 ||| PLANNING OSSUARY
  3593 | D:5      | Noticed Eustachio
  3600 | D:5      | Reached skill level 9 in Ranged Weapons
  3606 | D:5      | Reached skill level 6 in Fighting
  3606 | D:5      | 3606 ||| FLEEEEING.
  3607 | D:5      | 3607 ||| FLEEEEING.
  3610 | D:5      | 3610 ||| FLEEEEING.
  3611 | D:5      | 3611 ||| FLEEEEING.
  3617 | D:5      | Killed Eustachio
  3618 | D:5      | Reached XP level 8. HP: 38/70 MP: 7/7
  3619 | D:5      | 3619 ||| STAIRDANCE
  3718 | D:4      | 3718 ||| READING 2 scrolls labelled SISAL DINWYTU.
  3719 | D:4      | 3719 ||| DROPPING scroll of fear.
  3752 | D:5      | Noticed Sigmund
  3753 | D:5      | Killed Sigmund
  3754 | D:5      | Reached skill level 10 in Ranged Weapons
  3812 | D:5      | 3812 ||| DRINKING 2 brown potions.
  3812 | D:5      | Gained mutation: You have a pair of large horns on your
                  | head. [potion of mutation]
  3812 | D:5      | Gained mutation: A frigid envelope surrounds you and
                  | freezes all who hurt you. [potion of mutation]
  3955 | D:5      | Reached skill level 11 in Ranged Weapons
  4034 | D:5      | Reached skill level 3 in Armour
  4116 | D:5      | Found a sand-covered staircase.
  4117 | D:5      | 4117 ||| UPGRADING to +1 cloak of preservation.
  4131 | Ossuary  | Entered an ossuary
  4217 | Ossuary  | Reached XP level 9. HP: 77/79 MP: 8/8
  4352 | Ossuary  | 4352 ||| DRINKING 2 green potions.
  4353 | Ossuary  | 4353 ||| READING 3 scrolls of identify.
  4353 | Ossuary  | 4353 ||| IDENTIFYING grey potion
  4354 | Ossuary  | 4354 ||| READING 2 scrolls of identify.
  4354 | Ossuary  | 4354 ||| IDENTIFYING sedimented golden potion
  4355 | Ossuary  | 4355 ||| DROPPING potion of brilliance.
  4356 | Ossuary  | 4356 ||| DROPPING potion of attraction.
  4371 | D:5      | 4371 ||| PLANNING D:1-11
  4552 | D:5      | Reached skill level 12 in Ranged Weapons
  4578 | D:5      | 4578 ||| FLEEEEING.
  4579 | D:5      | 4579 ||| FLEEEEING.
  4751 | D:5      | Found a stormy altar of Qazlal.
  4806 | D:5      | Noticed Prince Ribbit
  4808 | D:5      | Killed Prince Ribbit
  5074 | D:5      | 5074 ||| READING scroll labelled WAOQUA BEOTH.
  5075 | D:5      | 5075 ||| READING 2 scrolls of identify.
  5075 | D:5      | 5075 ||| IDENTIFYING lumpy red potion
  5076 | D:5      | 5076 ||| DROPPING potion of ambrosia.
  5334 | D:6      | Found a hide-covered altar of Uskayaw.
  5353 | D:6      | Noticed Pikel
  5357 | D:6      | Killed Pikel
  5381 | D:6      | Found a shimmering blue altar of Sif Muna.
  5446 | D:6      | Found a sparkling altar of Nemelex Xobeh.
  5446 | D:6      | Found an opulent altar of Gozag.
  5495 | D:6      | 5495 ||| Stepping ~*~*~tactically~*~*~ (outnumbered).
  5496 | D:6      | 5496 ||| Stepping ~*~*~tactically~*~*~ (outnumbered).
  5888 | D:6      | 5888 ||| READING scroll labelled FOOCVE EMEWOTY.
  5890 | D:6      | 5890 ||| Stepping ~*~*~tactically~*~*~ (cloud).
  6008 | D:7      | Found a staircase to the Ecumenical Temple.
  6009 | D:7      | 6009 ||| PLANNING TEMPLE
  6009 | D:7      | 6009 ||| UPGRADING to +0 pair of gloves.
  6022 | Temple   | Entered the Ecumenical Temple
  6136 | Temple   | 6136 ||| PLANNING D:1-11
  6181 | D:7      | 6181 ||| Stepping ~*~*~tactically~*~*~ (outnumbered).
  6183 | D:7      | 6183 ||| Stepping ~*~*~tactically~*~*~ (outnumbered).
  6560 | D:7      | 6560 ||| DROPPING ring of flight.
  6579 | D:8      | Noticed Maurice
  6601 | D:8      | Killed Maurice
  6602 | D:8      | Reached skill level 13 in Ranged Weapons
  6602 | D:8      | Reached XP level 10. HP: 88/88 MP: 9/9
  6625 | D:8      | Noticed a two-headed ogre
  6635 | D:8      | Killed a two-headed ogre
  6636 | D:8      | Reached skill level 9 in Fighting
  6660 | D:8      | Noticed a two-headed ogre
  6661 | D:8      | 6661 ||| FLEEEEING.
  6662 | D:8      | 6662 ||| FLEEEEING.
  6663 | D:8      | 6663 ||| FLEEEEING.
  6664 | D:8      | 6664 ||| FLEEEEING.
  6665 | D:8      | 6665 ||| FLEEEEING.
  6666 | D:8      | 6666 ||| FLEEEEING.
  6667 | D:8      | 6667 ||| FLEEEEING.
  6668 | D:8      | 6668 ||| FLEEEEING.
  6669 | D:8      | 6669 ||| FLEEEEING.
  6670 | D:8      | 6670 ||| FLEEEEING.
  6671 | D:8      | 6671 ||| FLEEEEING.
  6676 | D:8      | 6676 ||| STAIRDANCE
  6772 | D:7      | 6772 ||| UPGRADING to +0 cloak of willpower.
  6788 | D:8      | Killed a two-headed ogre
  6789 | D:8      | Reached skill level 6 in Dodging
  6827 | D:8      | 6827 ||| Stepping ~*~*~tactically~*~*~ (outnumbered).
  6994 | D:8      | Noticed a two-headed ogre
  6997 | D:8      | Killed a two-headed ogre
  6998 | D:8      | Reached skill level 14 in Ranged Weapons
  7025 | D:8      | Found a runed translucent gate.
  7025 | D:8      | Found a runed translucent gate.
  7025 | D:8      | Found a runed translucent gate.
  7025 | D:8      | Noticed qw's ghost (novice GrFi)
  7027 | D:8      | Noticed qw's ghost (novice GrFi)
  7092 | D:8      | Found a glowing golden altar of the Shining One.
  7100 | D:8      | 7100 ||| UPGRADING to +1 robe of cold resistance.
  7110 | D:8      | 7110 ||| DROPPING +0 ring mail.
  7111 | D:8      | 7111 ||| UPGRADING to +2 robe of fire resistance.
  7121 | D:8      | 7121 ||| UPGRADING to +6 ring of strength.
  7414 | D:8      | Reached XP level 11. HP: 79/99 MP: 10/10
  7648 | D:9      | Found an iron altar of Okawaru.
  7649 | D:9      | 7649 ||| PLANNING OKAWARU WORSHIP
  7649 | D:9      | 7649 ||| DROPPING scarf of shadows.
  7650 | D:9      | 7650 ||| DROPPING ring of wizardry.
  7651 | D:9      | 7651 ||| DRINKING 2 fizzy brown potions.
  7756 | D:9      | 7756 ||| DROPPING potion of berserk rage.
  7766 | D:9      | Became a worshipper of Warmaster Okawaru
  7766 | D:9      | 7766 ||| PLANNING D:1-11
  7966 | D:9      | Noticed a two-headed ogre
  7970 | D:9      | Killed a two-headed ogre
  7970 | D:9      | Reached * piety under Okawaru
  7971 | D:9      | 7971 ||| INVOKING Heroism.
  7974 | D:9      | Reached skill level 15 in Ranged Weapons
  7974 | D:9      | Reached skill level 1 in Invocations
  8414 | D:9      | Reached ** piety under Okawaru
  8445 | D:9      | Found a basalt altar of Yredelemnul.
  8450 | D:9      | Reached skill level 3 in Invocations
  8544 | D:9      | 8544 ||| UPGRADING to scarf of resistance.
  8554 | D:9      | 8554 ||| UPGRADING to ring of see invisible.
  8555 | D:9      | 8555 ||| READING scroll labelled UMEQEM CYANOE.
  8556 | D:9      | 8556 ||| DRINKING 2 pink potions.
  8589 | D:10     | Entered Level 10 of the Dungeon
  8738 | D:10     | Found a staircase to the Orcish Mines.
  8745 | D:10     | 8745 ||| INVOKING Heroism.
  8958 | D:10     | 8958 ||| INVOKING Heroism.
  8960 | D:10     | Reached skill level 16 in Ranged Weapons
  9061 | D:10     | Found a staircase to the Lair.
  9077 | D:10     | 9077 ||| DROPPING +4 orcbow.
  9114 | D:10     | Found a snail-covered altar of Cheibriados.
  9286 | D:10     | Reached *** piety under Okawaru
  9297 | D:10     | 9297 ||| INVOKING Heroism.
  9328 | D:10     | 9328 ||| Stepping ~*~*~tactically~*~*~ (outnumbered).
  9330 | D:10     | 9330 ||| Stepping ~*~*~tactically~*~*~ (outnumbered).
  9335 | D:10     | 9335 ||| Stepping ~*~*~tactically~*~*~ (outnumbered).
  9754 | D:10     | 9754 ||| PLANNING LAIR
  9754 | D:10     | 9754 ||| UPGRADING to amulet of the acrobat.
  9759 | D:10     | 9759 ||| READING 3 scrolls of identify.
  9759 | D:10     | 9759 ||| IDENTIFYING smoky black potion
  9760 | D:10     | 9760 ||| READING 2 scrolls of identify.
  9760 | D:10     | 9760 ||| IDENTIFYING lumpy yellow potion
  9795 | Lair:1   | Entered Level 1 of the Lair of Beasts
  9796 | Lair:1   | 9796 ||| INVOKING Heroism.
  9935 | Lair:1   | 9935 ||| INVOKING Heroism.
  9969 | Lair:1   | Reached XP level 12. HP: 110/110 MP: 14/14
 10027 | Lair:1   | 10027 ||| INVOKING Heroism.
 10028 | Lair:1   | 10028 ||| Stepping ~*~*~tactically~*~*~ (outnumbered).
 10056 | Lair:1   | 10056 ||| FLEEEEING.
 10057 | Lair:1   | 10057 ||| FLEEEEING.
 10058 | Lair:1   | 10058 ||| INVOKING Heroism.
 10372 | Lair:1   | Noticed a catoblepas
 10373 | Lair:1   | 10373 ||| INVOKING Heroism.
 10375 | Lair:1   | 10375 ||| Stepping ~*~*~tactically~*~*~ (cloud).
 10380 | Lair:1   | 10380 ||| Stepping ~*~*~tactically~*~*~ (cloud).
 10383 | Lair:1   | 10383 ||| Stepping ~*~*~tactically~*~*~ (cloud).
 10385 | Lair:1   | Killed a catoblepas
 10386 | Lair:1   | Reached skill level 17 in Ranged Weapons
 10417 | Lair:1   | Reached **** piety under Okawaru
 10435 | Lair:1   | Noticed Maggie
 10442 | Lair:1   | Killed Maggie
 10598 | Lair:1   | 10598 ||| DROPPING +1 robe of cold resistance.
 10599 | Lair:1   | 10599 ||| UPGRADING to +0 steam dragon scales.
 10609 | Lair:1   | 10609 ||| READING scroll labelled NABREMP ZAUNOD.
 10610 | Lair:1   | 10610 ||| READING 2 scrolls of identify.
 10610 | Lair:1   | 10610 ||| IDENTIFYING fuming golden potion
 10611 | Lair:1   | 10611 ||| DROPPING potion of invisibility.
 10651 | Lair:2   | 10651 ||| INVOKING Heroism.
 10668 | Lair:2   | Reached skill level 9 in Dodging
 10865 | Lair:2   | Found a staircase to the Snake Pit.
 10922 | Lair:2   | Noticed an eight-headed hydra
 10923 | Lair:2   | 10923 ||| INVOKING Heroism.
 10933 | Lair:2   | Killed an eight-headed hydra
 11157 | Lair:2   | Found a staircase to the Shoals.
 11158 | Lair:2   | 11158 ||| INVOKING Heroism.
 11185 | Lair:2   | Reached skill level 6 in Invocations
 11254 | Lair:2   | Found a frozen archway.
 11423 | Lair:2   | Noticed a death yak
 11423 | Lair:2   | Noticed a death yak
 11424 | Lair:2   | 11424 ||| INVOKING Heroism.
 11425 | Lair:2   | Noticed a death yak
 11425 | Lair:2   | Noticed a death yak
 11427 | Lair:2   | Noticed a death yak
 11428 | Lair:2   | Noticed a death yak
 11432 | Lair:2   | Killed a death yak
 11435 | Lair:2   | Killed a death yak
 11440 | Lair:2   | Killed a death yak
 11443 | Lair:2   | Killed a death yak
 11443 | Lair:2   | Reached ***** piety under Okawaru
 11444 | Lair:2   | 11444 ||| INVOKING Finesse.
 11447 | Lair:2   | HP: 10/110 [death yak (21)]
 11448 | Lair:2   | 11448 ||| READING 5 scrolls of teleportation.
 11448 | Lair:2   | HP: 2/110 [death yak (8)]
 11448 | Lair:2   | Demolished by a death yak

Levels and vault maps discovered:
D:1:      dpeg_arrival_ratfight, layout_basic, minmay_tiny_reverse_x
D:2:      layout_loops_ring, basic_altar, chequers_serial_rivers_large_b,
          grunt_decor_junction, minivault_19, nicolae_underground_beach,
          uniq_natasha, uniq_jessica
D:3:      layout_loops_ring, nicolae_hepliaklqana_ecumenical_no_more,
          fedhas_altar_2, mainiacjoe_overflow_small_starburst
D:4:      layout_loops_cross, nicolae_ru_awakened_eye,
          mainiacjoe_overflow_paths, mainiacjoe_overflow_tiny_flanked,
          mainiacjoe_overflow_chevrons
D:5:      kennysheep_windowed_halls, layout_loops_ring,
          mainiacjoe_overflow_alcove_2, serial_undead, serial_undead_b,
          serial_undead_f, serial_undead_a, serial_undead_a, enter_ossuary_4,
          nicolae_titane, uniq_sigmund, uniq_prince_ribbit1, uniq_eustachio
D:6:      layout_basic, grunt_temple_overflow_opulence, pf_just_have_faith,
          mainiacjoe_overflow_surrounded_room, uniq_pikel
D:7:      layout_rooms, minmay_temple_entry_junction
D:8:      layout_rooms, amcnicky_altar_gilded, gammafunk_ghost_cemetery,
          st_stairs_13, kennysheep_pointless_box, uniq_maurice
D:9:      layout_roguey, lemuel_mausoleum_altar_yredelemnul,
          okawaru_ov_weapons_minmay
D:10:     layout_cave_pods, kennysheep_little_box, minmay_lair_entry_grove,
          zombieorc2_lemuel, hangedman_decor_growths, minivault_21
Temple:   nicolae_temple_superstar
Lair:1:   layout_roguey, uniq_maggie
Lair:2:   layout_concentric_octagons, minmay_shoals_entry_beasts,
          minmay_snake_entry_six_corridors, portal_ice_cave_entry_pillars_1

Skill      XL: |  1  2  3  4  5  6  7  8  9 10 11 12 |
---------------+-------------------------------------+-----
Ranged Weapons | 5 6 7 8 9 11 13 14 16 17 | 17.9
Fighting       | 3 4 5 6 7 8 10 11 | 11.0
Armour         | 1 2 3 5 |  5.9
Dodging        | 3 4 5 7 8 9 |  9.0
Invocations    | 4 7 |  7.3
Stealth        | |  0.7

Action                     |  1- 3 |  4- 6 |  7- 9 | 10-12 || total
---------------------------+-------+-------+-------+-------++-------
   Fire: Shortbow          |   139 |   130 |       |       ||   269
         Arbalest          |       |    43 |   273 |   443 ||   759
 Invoke: Heroism           |       |       |       |    13 ||    13
         Finesse           |       |       |       |     1 ||     1
    Use: Scroll            |     5 |     2 |     7 |     6 ||    20
         Potion            |       |     2 |     3 |     2 ||     7
 Armour: Leather armour    |     4 |       |       |       ||     4
         Ring mail         |    16 |    27 |    34 |     4 ||    81
         Robe              |       |       |       |    46 ||    46
         Steam dragon scal |       |       |       |    16 ||    16
  Dodge: Dodged            |    30 |    46 |    66 |   226 ||   368

Table legend:
 A = Non-vault XP
 B = Vault XP
 C = Vault XP percentage of total XP
 D = Non-vault monster count
 E = Vault monster count
 F = Vault count percentage of total count
                 A         B        C        D         E       F
            +---------+---------+-------+---------+---------+-------
      Total |   26074 |   10640 |  29.0 |     286 |     154 |  35.0
            +---------+---------+-------+---------+---------+-------
        D:1 |      80 |       8 |   9.1 |      40 |       7 |  14.9
        D:2 |     144 |      70 |  32.7 |      23 |       2 |   8.0
        D:3 |     125 |       0 |   0.0 |      16 |       0 |   0.0
        D:4 |     684 |       0 |   0.0 |      36 |       0 |   0.0
        D:5 |     501 |    1969 |  79.7 |      16 |      33 |  67.3
        D:6 |     194 |     593 |  75.3 |      12 |       1 |   7.7
        D:7 |     677 |       0 |   0.0 |      20 |       0 |   0.0
        D:8 |    4318 |    1396 |  24.4 |      44 |       3 |   6.4
        D:9 |    2767 |    1188 |  30.0 |      14 |      12 |  46.2
       D:10 |    1852 |    3058 |  62.3 |      21 |      49 |  70.0
     Lair:1 |    6308 |     404 |   6.0 |      25 |       1 |   3.8
     Lair:2 |    8424 |    1555 |  15.6 |      19 |       7 |  26.9
    Ossuary |       0 |     399 | 100.0 |       0 |      39 | 100.0
            +---------+---------+-------+---------+---------+-------
